Map: NeoHumanity LE

Players

K.I.-1 (Extrem)

  • Race: Terran Terran
  • Spawn Location: 11:00

RedEyes

  • Race: Zerg Zerg
  • League: Platinum
  • Spawn Location: 5:00

VOD

Have the link to the VOD?

Description

Time

  • Played on: March 18, 2023, 1:29 p.m.
  • Length: 9:31
Show
View Real Time Build Order
Export as new Build Order

K.I.-1 (Extrem) Terran 

Build Orders: 2 Factory 

Get SALT Encoding   

  6  0:00  SCV  
  13  0:13  SCV  
  14  0:18  Supply Depot  
  14  0:25  SCV  
  15  0:40  SCV  
  16  0:43  Barracks  
  16  0:52  SCV  
  17  1:04  SCV  
  18  1:16  SCV, Supply Depot  
  19  1:21  Refinery  
  19  1:28  SCV  
  19  1:30  Marine  
  21  1:40  SCV  
  22  1:48  Marine  
  22  1:49  Refinery  
  22  1:52  SCV  
  24  2:04  SCV  
  24  2:06  Marine  
  26  2:16  SCV  
  26  2:20  Factory  
  27  2:23  Marine  
  27  2:28  SCV  
  28  2:38  Factory  
  28  2:40  SCV  
  28  2:41  Marine  
  30  2:46  Supply Depot  
  30  2:53  SCV  
  31  3:04  Factory Tech Lab  
  31  3:05  Orbital Command  
  31  3:08  Marine  
  32  3:21  Factory Tech Lab  
  32  3:25  Marine  
  33  3:30  SCV  
  34  3:34  Command Center  
  33  3:42  SCV  
  34  3:54  SCV  
  35  4:06  SCV  
  35  4:08  Barracks  
  36  4:17  Supply Depot  
  36  4:19  SCV  
  37  4:31  SCV  
  38  4:38  Siege Tank x2  
  38  4:41  Supply Depot  
  38  4:43  SCV  
  45  4:45  Marine  
  45  4:46  SCV  
  47  4:53  Supply Depot  
  47  4:55  SCV  
  47  4:58  SCV  
  49  5:01  Barracks Tech Lab  
  49  5:05  Marine  
  50  5:07  SCV  
  50  5:10  Siege Tank, SCV  
  55  5:19  SCV  
  55  5:20  Marauder  
  58  5:21  Stimpack  
  58  5:22  SCV  
  58  5:23  Marine  
  58  5:26  Barracks, Command Center  
  60  5:31  SCV  
  61  5:41  Marauder  
  61  5:42  Barracks Reactor  
  63  5:53  Engineering Bay  
  63  6:03  Marauder  
  65  6:09  Supply Depot  
  65  6:11  Engineering Bay  
  65  6:13  Marine  
  65  6:18  Marine  
  67  6:19  Marine, Terran Infantry Armor Level 1  
  67  6:24  Marauder  
  70  6:33  Barracks Tech Lab  
  70  6:36  Marine  
  70  6:37  Marine, Terran Infantry Weapons Level 1  
  72  6:44  Starport  
  72  6:45  Marine  
  72  6:46  Refinery  
  73  6:48  SCV  
  73  6:50  SCV  
  73  6:51  Marauder  
  73  6:52  SCV  
  78  7:00  SCV  
  79  7:02  SCV  
  79  7:03  Marauder  
  79  7:04  SCV  
  83  7:12  Marauder, Marine  
  83  7:13  SCV  
  83  7:14  Marine  
  73  7:19  SCV  
  73  7:21  Viking  
  67  7:24  Marine  
  57  7:30  Marine  
  57  7:32  Marine  
  57  7:34  Marauder  
  57  7:35  Refinery  
  61  7:37  Missile Turret  
  61  7:42  Marauder  
  59  7:48  Marine, SCV  
  59  7:50  Marine  
  55  7:53  SCV, Starport Reactor  
  47  7:59  SCV  
  47  8:02  SCV  
  42  8:06  Marine  
  42  8:08  Marine  
  22  8:24  Marine  
  22  8:26  Marine  
  6  8:48  SCV  
  6  8:49  SCV  
  4  9:01  SCV  
Show
View Real Time Build Order
Export as new Build Order

RedEyes Zerg 

Build Orders: Hatch First 

Get SALT Encoding   

  6  0:00  Drone  
  13  0:12  Overlord  
  13  0:16  Drone  
  14  0:30  Drone x2  
  14  0:34  Drone  
  17  0:50  Hatchery  
  17  0:53  Drone  
  17  0:57  Extractor  
  17  0:59  Drone  
  17  1:14  Spawning Pool  
  17  1:16  Drone  
  17  1:21  Drone  
  18  1:27  Drone  
  19  1:38  Drone  
  20  1:48  Overlord  
  20  2:00  Queen  
  22  2:02  Queen  
  22  2:03  Zergling x4  
  22  2:06  Metabolic Boost  
  26  2:10  Drone  
  26  2:13  Drone  
  28  2:23  Drone  
  29  2:30  Drone  
  29  2:34  Hatchery  
  29  2:35  Drone  
  30  2:42  Queen  
  32  2:49  Queen  
  34  2:54  Overlord  
  34  2:57  Drone  
  35  2:58  Drone  
  36  3:12  Drone x6  
  42  3:15  Overlord  
  42  3:23  Zergling x4  
  44  3:27  Overlord  
  44  3:41  Drone x2  
  46  3:49  Overlord x2, Drone x2  
  46  3:50  Drone x2  
  50  3:55  Drone  
  50  3:57  Drone  
  50  3:58  Drone x3  
  50  4:00  Queen  
  57  4:03  Drone  
  57  4:06  Drone  
  57  4:07  Drone  
  60  4:10  Lair  
  60  4:14  Drone  
  61  4:18  Drone  
  61  4:20  Roach Warren  
  61  4:28  Overlord, Drone x5  
  61  4:30  Drone  
  67  4:33  Extractor  
  67  4:34  Drone x3  
  69  4:42  Queen, Drone x3  
  74  4:48  Extractor  
  74  4:49  Drone  
  74  4:50  Overlord  
  74  4:56  Drone x3  
  77  5:05  Overlord, Hatchery  
  76  5:08  Glial Reconstitution  
  76  5:13  Overlord, Drone x4  
  76  5:14  Overseer  
  80  5:15  Evolution Chamber  
  80  5:18  Evolution Chamber  
  78  5:26  Overlord, Drone x5  
  83  5:36  Drone x2  
  83  5:38  Extractor, Drone x3  
  83  5:41  Zerg Missile Weapons Level 1  
  87  5:42  Overlord  
  87  5:44  Zerg Ground Armor Level 1  
  87  5:45  Drone x2  
  87  5:46  Drone  
  87  5:47  Overlord  
  87  5:48  Overlord  
  90  5:53  Spore Crawler  
  89  5:59  Spore Crawler  
  89  6:03  Overlord  
  88  6:09  Overlord  
  88  6:10  Roach x8  
  104  6:15  Extractor  
  104  6:16  Drone x3  
  106  6:24  Drone x3  
  106  6:25  Overlord  
  109  6:26  Roach  
  109  6:30  Spore Crawler  
  110  6:37  Overlord  
  110  6:38  Roach x10  
  130  6:47  Ravager  
  130  6:48  Overlord  
  130  6:52  Extractor  
  130  6:53  Drone x3  
  130  6:54  Overlord x2  
  133  6:57  Overlord  
  133  6:59  Roach  
  133  7:00  Ravager x2  
  137  7:10  Zergling x20  
  140  7:16  Roach x2  
  132  7:23  Roach x5  
  132  7:26  Zergling x8  
  142  7:39  Zergling x18  
  146  7:46  Roach x3  
  146  7:51  Overlord x2  
  152  7:52  Infestation Pit  
  152  7:53  Drone x5  
  152  7:54  Extractor  
  152  7:55  Extractor  
  151  8:04  Hatchery  
  147  8:06  Ravager x4  
  147  8:10  Zergling x20  
  160  8:24  Overlord  
  160  8:27  Drone x9  
  160  8:28  Overlord  
  169  8:37  Unknown  
  167  8:45  Overlord x3  
  167  8:46  Zergling x16  
  167  8:47  Zergling x2  
  167  8:48  Drone x3  
  179  8:54  Overseer  
  179  8:57  Overlord x2  
  179  9:01  Hydralisk Den, Drone x2  
  179  9:02  Drone x6  
  186  9:03  Overlord  
  186  9:04  Overlord  
Tags
 
Add a new tag
Caveats
  • Supply blocks, unpowered buildings, or Contaminate may cause inaccurate times.
  • Supply counts are checked every 10 seconds.